 Dungeon Crawl Stone Soup version 0.29-a0-322-g68df515428 (webtiles) character file.

Game seed: 4641147128243281052

277 Morbidden the Conjurer (level 6, -1/44 HPs)
             Began as a Demonspawn Conjurer on Apr 8, 2022.
             Slain by a gnoll
             ... wielding a +0 club
              (4 damage)
             ... on level 4 of the Dungeon.
             The game lasted 00:02:43 (4690 turns).

Morbidden the Conjurer (Demonspawn Conjurer)        Turns: 4690, Time: 00:02:44

Health: -1/44      AC:  4    Str: 13    XL:     6   Next: 4%
Magic:  0/10       EV: 12    Int: 21    God:
Gold:   177        SH:  0    Dex: 12    Spells: 7/10 levels left

rFire   . . .      SeeInvis .     - Unarmed
rCold   . . .      Faith    .   (no shield)
rNeg    . . .      Spirit   .   a - +0 robe
rPois   .          Reflect  .   (no helmet)
rElec   .          Harm     .   (no cloak)
rCorr   .          Rampage  .   (no gloves)
Will    .....                   (no boots)
Stlth   ++........              (no amulet)
HPRegen 0.14/turn               i - +6 ring of strength
MPRegen 0.12/turn               (no ring)

@: no status effects
A: icy blue scales 1, demonic touch 2
a: no special abilities


You were on level 4 of the Dungeon.
You visited 1 branch of the dungeon, and saw 4 of its levels.

You collected 177 gold pieces.

Inventory:

Armour
 a - a +0 robe (worn)
Jewellery
 i - a +6 ring of strength (left hand)
Scrolls
 c - a scroll of enchant armour {unknown}
 e - 7 scrolls of identify {unknown}
 g - 4 scrolls of fog {unknown}
 h - 4 scrolls of teleportation {unknown}
 m - a scroll of noise {unknown}
 p - a scroll of enchant weapon {unknown}
Potions
 b - a potion of magic
 d - a potion of ambrosia {unknown}
 f - 3 potions of might {unknown}
 j - 4 potions of haste {unknown}
 k - 4 potions of brilliance {unknown}
 l - a potion of lignification {unknown}
 n - 2 potions of curing {unknown}
 o - a potion of degeneration {unknown}
 q - a potion of attraction {unknown}
 r - a potion of berserk rage {unknown}
 s - a potion of resistance {unknown}


   Skills:
 * Level 1.7 Fighting
 * Level 2.6 Dodging
 + Level 2.3 Stealth
 * Level 1.9 Unarmed Combat
 * Level 2.8 Spellcasting
 * Level 5.4 Conjurations


You had 7 spell levels left.
You knew the following spells:

 Your Spells              Type           Power      Damage    Failure   Level
a - Magic Dart            Conj           100%       1d8       1%          1
b - Searing Ray           Conj           50%        2d6       2%          2

Your spell library contained the following spells:

 Spells                   Type           Power      Damage    Failure   Level
 Dazzling Flash           Conj/Hex       28%        N/A       13%         3
 Gell's Gravitas          Tloc           2%         N/A       38%         3
 Teleport Other           Tloc           2%         N/A       38%         3
 Fulminant Prism          Conj/Hex       7%         3d7       41%         4
 Iskenderun's Mystic Bla  Conj/Tloc      14%        2d5       41%         4
 Dispersal                Tloc           1%         N/A       100%        6


Dungeon Overview and Level Annotations

Branches:
Dungeon (4/15)
 Temple: D:4-7

Altars:
Ashenzari
Yredelemnul

Shops:
D:3 [


Innate Abilities, Weirdness & Mutations

You are partially covered in icy blue scales. (AC +2)
Your touch may inflict irresistible damage on your foes.


Message History

The gnoll hits you from afar with a +0 halberd!
The searing ray hits the gnoll.
The gnoll is lightly wounded.
The gnoll closely misses you.
Unknown command.
The searing ray hits the gnoll!
The gnoll is almost dead.
The searing ray hits the wight but does no damage.
You finish channelling your searing ray.
The gnoll hits you from afar with a +0 halberd!
Unknown command.
The gnoll hits you from afar with a +0 halberd!
* * * LOW HITPOINT WARNING * * *
The gnoll hits you but does no damage.
Unknown command.
The gnoll closely misses you. The gnoll barely misses you.
The gnoll hits you from afar with a +0 halberd.
* * * LOW HITPOINT WARNING * * *
Unknown command.
Casting: Searing Ray (safe; 2% risk of failure)
Confirm with . or Enter, or press ? or * to list all spells.
Aiming: Searing Ray (safe; 2% risk of failure)
Press: ? - help, Shift-Dir - straight line, f - gnoll
Aim: a gnoll, wielding a +0 club (almost dead, 82% to hit)
The searing ray hits the gnoll!
You kill the gnoll! (Press . to maintain the ray.)
The gnoll misses you.
Unknown command.
Unknown command.
The gnoll attacks as you move away! The gnoll hits you with a +0 club.
* * * LOW HITPOINT WARNING * * *
A ball python comes into view.
The ball python hisses angrily.
Unknown command.
Okay, then.
The gnoll attacks as you move away! The gnoll hits you with a +0 club.
* * * LOW HITPOINT WARNING * * *
The gnoll attacks as you move away! The gnoll hits you with a +0 club.
You die...

........#..#.###.#....#...
.$..........#...###...#...
.........#.#....#.###.#..
#+##......#.#.....#...###.
# #......####....#....#.#
###.##......# ##...#.....#
..........z.# ####.#....#
...#.)g..g.# ####...#
#..#+##@# ####.# #.) #.#
## #.. .S. ... ##.#. ##..
..#.# ... ... # .## ###


You could see a wight, 2 gnolls and a ball python.

Vanquished Creatures
  A black bear (D:4)
  An iguana (D:4)
  2 gnolls (D:4)
  7 adders
  A worm (D:3)
  A dart slug (D:1)
  4 orcs (D:3)
  4 ball pythons
  7 bats
  6 endoplasms
  3 giant cockroaches
  5 goblins
  8 hobgoblins
  3 quokkas
  2 frilled lizards
  24 rats
79 creatures vanquished.

Notes
Turn   | Place    | Note
-------+----------+-------------------------------------------
     0 | D:1      | Morbidden the Demonspawn Conjurer began the quest for the
                  | Orb.
     0 | D:1      | Reached XP level 1. HP: 13/13 MP: 3/3
   307 | D:1      | Gained mutation: Your touch may inflict minor irresistible
                  | damage on your foes. [demonic ancestry]
   307 | D:1      | Reached XP level 2. HP: 19/19 MP: 3/5
   333 | D:1      | Found a faded altar of an unknown god.
   454 | D:1      | Learned a level 2 spell: Searing Ray
   897 | D:1      | Found a basalt altar of Yredelemnul.
  1244 | D:2      | Reached XP level 3. HP: 25/25 MP: 2/6
  2189 | D:3      | Reached skill level 5 in Conjurations
  2316 | D:3      | Gained mutation: Your touch may inflict irresistible damage
                  | on your foes. [demonic ancestry]
  2316 | D:3      | Reached XP level 4. HP: 4/31 MP: 0/7
  2714 | D:3      | Found Rer Rucw's Antique Armour Boutique.
  2747 | D:3      | Reached skill level 1 in Fighting
  3199 | D:3      | Found a broken altar of Ashenzari.
  3824 | D:4      | Reached skill level 1 in Unarmed Combat
  3824 | D:4      | Gained mutation: You are partially covered in icy blue
                  | scales. (AC +2) [demonic ancestry]
  3824 | D:4      | Reached XP level 5. HP: 9/37 MP: 5/8
  3832 | D:4      | Identified the +4 hunting sling "Fedohauloana" {flame,
                  | rPois}
  4188 | D:4      | Noticed a black bear
  4193 | D:4      | Killed a black bear
  4680 | D:4      | Reached XP level 6. HP: 35/44 MP: 4/10
  4690 | D:4      | Slain by a gnoll

Illustrated notes

Levels and vault maps discovered:
D:1:      sevenhm_arrival_forest_fort_small_6, layout_loops_cross,
          ebering_ecumenical_altar_sacrificial, serial_forest,
          infiniplex_forest_clump_long, infiniplex_forest_end_3,
          infiniplex_forest_clump_small, infiniplex_forest_lined_room_2,
          infiniplex_forest_clump_tiny, infiniplex_forest_straight_3,
          infiniplex_forest_clump_double
D:2:      layout_basic
D:3:      minmay_chambers_of_twos, layout_loops_ring,
          nicolae_ashenzari_panopticon, serial_shops,
          nicolae_shop_temple_entry_statues_fountains, minmay_rat_hole
D:4:      nicolae_BIG_FREAKIN_CUBE, layout_basic, kennysheep_generic_room_11

Skill      XL: |  1  2  3  4 |
---------------+-------------+-----
Dodging        | 2 |  2.6
Conjurations   | 5 |  5.4
Fighting       | 1 |  1.7
Stealth        | 2 |  2.3
Unarmed Combat | 1 |  1.9
Spellcasting   | |  2.8

Action                   |  1- 3 |  4- 6 || total
-------------------------+-------+-------++-------
Melee: Unarmed           |    34 |    55 ||    89
       Touch             |     5 |    16 ||    21
 Cast: Magic Dart        |    71 |    26 ||    97
       Searing Ray       |       |     7 ||     7
 Stab: Sleeping          |       |     3 ||     3
Armor: Robe              |     4 |    12 ||    16
Dodge: Dodged            |    27 |    47 ||    74

Table legend: (Time is in decaauts)
 A = Elapsed time spent in this place.
 B = Non-inter-level travel time spent in this place.
 C = Inter-level travel time spent in this place.
 D = Time resting spent in this place.
 E = Time spent auto-exploring this place.
 F = Levels seen in this place.
 G = Mean time per level.
                   A        B        C        D        E       F      G
               +--------+--------+--------+--------+--------+-----+--------+
         Total |   4688 |   4566 |    122 |    287 |   3894 |   4 | 1172.0 |
       Dungeon |   4688 |   4566 |    122 |    287 |   3894 |   4 | 1172.0 |
               +--------+--------+--------+--------+--------+-----+--------+

Top non-repeatable levels by time:
     D:3: 1600 daAuts
     D:2: 1133 daAuts
     D:1: 1021 daAuts
     D:4: 933 daAuts
